 Dungeon Crawl Stone Soup version 0.20-a0-1026-gc3ddcbd (webtiles) character file.

245 JeffiDaFish the Shield-Bearer (level 6, -6/38 HPs)
             Began as a Gargoyle Fighter on Apr 20, 2017.
             Mangled by an ogre
             ... wielding a +0 giant club
              (13 damage)
             ... on level 4 of the Dungeon.
             The game lasted 00:06:54 (2745 turns).

JeffiDaFish the Shield-Bearer (Gargoyle Fighter)    Turns: 2745, Time: 00:06:54

Health: -6/38      AC: 20    Str: 19    XL:     6   Next: 10%
Magic:  6/6        EV:  5    Int:  9    God:
Gold:   185        SH:  9    Dex: 11    Spells: 5/5 levels left

rFire    . . .     SeeInvis .   m - +0 whip (freeze)
rCold    . . .     Gourm    .   c - +0 shield
rNeg     + . .     Faith    .   n - +0 chain mail
rPois    ∞         Spirit   .   (no helmet)
rElec    +         Reflect  .   (no cloak)
rCorr    .         Harm     .   q - +0 pair of gloves
MR       .....                  (no boots)
Stlth    ..........             (no amulet)
Regen    0.2/turn               j - +5 ring of protection
MPRegen  0.1/turn               (no ring)

@: no status effects
A: negative energy resistance 1, electricity resistance, unbreathing,
petrification resistance, rot immunity, AC +4
a: no special abilities


You were on level 4 of the Dungeon.
You were not hungry.

You visited 1 branch of the dungeon, and saw 4 of its levels.

You collected 185 gold pieces.

Inventory:

Hand Weapons
 a - a +0 flail
 m - a +0 whip of freezing (weapon)
Armour
 c - a +0 shield (worn)
 n - a +0 chain mail (worn)
 q - a +0 pair of gloves (worn)
Jewellery
 j - a +5 ring of protection (left hand)
Scrolls
 g - 2 scrolls of teleportation
 h - 3 scrolls of identify
 p - 2 scrolls of remove curse
Potions
 d - a potion of might
 e - a potion of resistance
 k - a potion of heal wounds
Comestibles
 f - 2 bread rations
 i - 3 fruits
 l - a royal jelly
 o - a chunk of flesh


   Skills:
 + Level 4.0 Fighting
 + Level 4.0 Maces & Flails
 + Level 4.1 Armour
 + Level 1.3 Dodging
 + Level 4.5 Shields


You had 5 spell levels left.
You didn't know any spells.

Dungeon Overview and Level Annotations

Branches:
Dungeon (4/15)
 Temple: D:4-7

Altars:
Ashenzari


Innate Abilities, Weirdness & Mutations

You are resistant to torment.
Your stone body is resilient. (AC +4)
You are immune to poison.
You resist negative energy. (rN+)
You are resistant to electric shocks. (rElec)
You can survive without breathing.
You are immune to petrification.
You are immune to rotting.


Message History

You climb upwards.
There is a stone staircase leading down here.
You start resting.
HP restored.
You climb downwards.
The ogre completely misses you. The ogre hits you with a giant club!!
Ouch! That really hurt!
There is a stone staircase leading up here.
You hit the ogre but do no damage. You hit the ogre. You freeze the ogre.
The ogre is lightly wounded.
The ogre hits you with a giant club.
You hit the ogre but do no damage.
The ogre is lightly wounded.
The ogre hits you with a giant club.
* * * LOW HITPOINT WARNING * * *
You hit the ogre. You freeze the ogre.
The ogre is moderately wounded.
The ogre hits you with a giant club!
You die...

..##.##'##### ............#.....#
............#.....#
............#.....#
........[...#.....+
.....##.....#.....## #########
.....##.....#......#####.......#
......#.....#......#...#.......#
......#..O..#...@O.#...'.......#
......#.....#......#...#.......#
#....##.##'##......#####.......##
#....##[#.....######...##........
......).#.....#.........'........
........+.....'.........#........
........#.....#.........#........
#########.....###########.......<
####### #########


You could see an ogre.

Vanquished Creatures
  A crimson imp (D:3)
  A bullfrog skeleton (D:4)
  Ijyb (D:3)
  6 adders
  3 worms
  3 dart slugs
  8 orcs
  7 bats
  2 giant cockroaches (D:2)
  9 goblins
  9 hobgoblins
  2 jackals (D:1)
  9 kobolds
  2 quokkas
  4 ball pythons
  10 frilled lizards
  7 rats
84 creatures vanquished.

Notes
Turn   | Place    | Note
-------+----------+-------------------------------------------
     0 | D:1      | JeffiDaFish the Gargoyle Fighter began the quest for the Orb.
     0 | D:1      | Reached XP level 1. HP: 14/14 MP: 1/1
   135 | D:1      | Reached XP level 2. HP: 19/19 MP: 2/2
   779 | D:2      | Reached XP level 3. HP: 19/23 MP: 3/3
  1059 | D:2      | Reached XP level 4. HP: 26/28 MP: 4/4
  1313 | D:2      | Upgraded the game from 0.20-a0-1025-g4706f7e to 0.20-a0-1026-gc3ddcbd
  1677 | D:3      | Found a shattered altar of Ashenzari.
  1900 | D:3      | Noticed Ijyb
  1936 | D:3      | Killed Ijyb
  1936 | D:3      | Reached skill level 1 in Dodging
  1936 | D:3      | Reached XP level 5. HP: 29/32 MP: 5/5
  2581 | D:4      | Reached XP level 6. HP: 19/38 MP: 6/6
  2745 | D:4      | Mangled by an ogre

Vault maps used:
D:1:      dpeg_arrival_leaves_temple_mockup
D:2:      cheibrodos_old_hovel, minmay_misc_feat_nine_boxes
D:3:      kennysheep_the_goblin_king, ashenzari_conservatory_becter,
          first_bread, minivault_11

Skill      XL: |  1  2  3  4  5 |
---------------+----------------+-----
Maces & Flails | 3 4 |  4.0
Shields        | 4 |  4.5
Dodging        | 1 |  1.3
Armour         | 4 |  4.1
Fighting       | 4 |  4.0

Action                   |  1- 3 |  4- 6 || total
-------------------------+-------+-------++-------
Melee: Flail             |   167 |   254 ||   421
       Whip              |       |     4 ||     4
  Use: Potion            |     2 |     5 ||     7
       Scroll            |     4 |     3 ||     7
  Eat: Chunk             |     1 |     6 ||     7
Armor: Scale mail        |   151 |   151 ||   302
Dodge: Dodged            |    80 |    75 ||   155
Block: Shield            |   121 |   156 ||   277
